 Dungeon Sprint DCSS version 0.31-a0-1458-g2f8d4710b4 (webtiles) character file.

Game seed: 8809737150632480085

342 Groucho the Geomancer (level 6, -7/35 HPs)
             Began as a Deep Elf Earth Elementalist on Dec 28, 2023.
             Was an Elder of Sif Muna.
             Mangled by a snapping turtle (25 damage)
             ... in the Dungeon (Sprint VII: "The Pits").
             The game lasted 00:04:03 (2083 turns).

Groucho the Geomancer (Deep Elf Earth Elementalist) Turns: 2083, Time: 00:04:03

Health: -7/35      AC:  2    Str:  5    XL:     6   Next: 30%
Magic:  2/18       EV: 12    Int: 22    God:    Sif Muna [****..]
Gold:   0          SH:  0    Dex: 15    Spells: 7/19 levels left

rFire   . . .        o - +2 long sword (flame)
rCold   . . .        (no shield)
rNeg    . . .        a - +0 robe
rPois   .            (no helmet)
rElec   .            (no cloak)
rCorr   .            (no gloves)
SInv    .            (no boots)
Will    .....        (no amulet)
Stlth   +++          (no ring)
HPRegen 0.25/turn    (no ring)
MPRegen 0.16/turn

%: no teleportation
@: no status effects
A: no striking features
a: Renounce Religion, Channel Magic, Forget Spell, Divine Exegesis


You were in the Dungeon.
You worshipped Sif Muna.
Sif Muna was greatly pleased with you.
You visited 1 branch

Inventory:

Hand Weapons
 h - a +2 dagger
 n - a +1 dagger of electrocution
 o - a +2 long sword of flaming (weapon)
Armour
 a - a +0 robe (worn)
 i - a +3 ring mail
Scrolls
 g - a scroll of blinking
 k - 2 scrolls of vulnerability
 l - 5 scrolls of amnesia
 m - a scroll of butterflies
Potions
 b - 5 potions of magic
 c - 6 potions of curing
 d - 6 potions of heal wounds
 e - a potion of haste
 f - 3 potions of berserk rage
 j - 2 potions of invisibility


   Skills:
 - Level 2.0 Fighting
 + Level 2.1 Short Blades
 - Level 2.4 Dodging
 + Level 4.0 Stealth
 - Level 7.0 Spellcasting
 + Level 8.3 Conjurations
 - Level 10.0 Earth Magic
 + Level 2.7 Alchemy


You had 7 spell levels left.
You knew the following spells:

 Your Spells              Type           Power      Damage    Failure   Level
a - Sandblast             Erth           100%       2d20      1%          1
b - Stone Arrow           Conj/Erth      96%        3d13      1%          3
c - Petrify               Alch/Erth      35%        N/A       6%          4
d - Brom's Barrelling Bo  Conj/Erth      48%        2d7       1%          4

Your spell library contained the following spells:

 Spells                   Type           Power      Damage    Failure   Level
 Passwall                 Erth           51%        N/A       1%          3


Dungeon Overview and Level Annotations

Branches:
Dungeon (1/1)

Altars:
Ashenzari
Cheibriados
Dithmenos
Elyvilon
Fedhas
Gozag
Hepliaklqana
Kikubaaqudgha
Makhleb
Nemelex Xobeh
Okawaru
Qazlal
Ru
Sif Muna
Trog
Uskayaw
Vehumet
Wu Jian
Xom
Yredelemnul
Zin
The Shining One
Jiyva
Lugonu


Message History

Aim: a snapping turtle (lightly wounded, 92% to hit)
The stone arrow hits the snapping turtle.
The snapping turtle is lightly wounded.
Unknown command.
Unknown command.
Casting: Stone Arrow (safe; 1% risk of failure)
Confirm with . or Enter, or press ? or * to list all spells.
Aiming: Stone Arrow (safe; 1% risk of failure)
Press: ? - help, Shift-Dir - straight line, f/p - snapping turtle
Aim: a snapping turtle (lightly wounded, 92% to hit)
The stone arrow hits the snapping turtle but does no damage.
The snapping turtle is lightly wounded.
Unknown command.
Unknown command.
Casting: Stone Arrow (safe; 1% risk of failure)
Confirm with . or Enter, or press ? or * to list all spells.
Aiming: Stone Arrow (safe; 1% risk of failure)
Press: ? - help, Shift-Dir - straight line, f/p - snapping turtle
Aim: a snapping turtle (lightly wounded, 92% to hit)
The stone arrow hits the snapping turtle!
The snapping turtle is moderately wounded.
The snapping turtle bites you but does no damage.
Unknown command.
Unknown command.
The snapping turtle attacks as it pursues you!
The snapping turtle bites you from afar!!
Ouch! That really hurt!
Casting: Stone Arrow (safe; 1% risk of failure)
Confirm with . or Enter, or press ? or * to list all spells.
Aiming: Stone Arrow (safe; 1% risk of failure)
Press: ? - help, Shift-Dir - straight line, f/p - snapping turtle
Aim: a snapping turtle (moderately wounded, 92% to hit)
The stone arrow hits the snapping turtle!
The snapping turtle is severely wounded.
Unknown command.
Unknown command.
The snapping turtle attacks as it pursues you!
The snapping turtle bites you from afar!!
Ouch! That really hurt!
You die...

##########++######
#................#
#......#..#...t.@#
#................+
'................+
#......#..#......#
#................#
####'#####++######
#.......#
#.......#
#.......#


You could see a snapping turtle.

Vanquished Creatures
  A fire bat (D)
  A black bear (D)
  A brain worm (D)
  A gnoll (D)
  An adder (D)
  A river rat (D)
  An adder skeleton (D)
  A bat zombie (D)
  2 endoplasms (D)
  A giant cockroach (D)
  A goblin (D)
  A hobgoblin (D)
  2 quokkas (D)
  A rat (D)
16 creatures vanquished.

Notes
Turn   | Place    | Note
-------+----------+-------------------------------------------
     0 | D        | Groucho the Deep Elf Earth Elementalist began the quest for
                  | the Orb.
     0 | D        | Reached XP level 1. HP: 10/10 MP: 6/6
    38 | D        | Found a glowing golden altar of the Shining One.
    38 | D        | Found a glowing silver altar of Zin.
    38 | D        | Found a basalt altar of Yredelemnul.
    38 | D        | Found a shimmering altar of Xom.
    38 | D        | Found an ornate altar of the Wu Jian Council.
    38 | D        | Found a bloodstained altar of Trog.
    38 | D        | Found a shimmering blue altar of Sif Muna.
    38 | D        | Found a sacrificial altar of Ru.
    38 | D        | Found a stormy altar of Qazlal.
    38 | D        | Found an iron altar of Okawaru.
    38 | D        | Found a sparkling altar of Nemelex Xobeh.
    38 | D        | Found a burning altar of Makhleb.
    38 | D        | Found a viscous altar of Jiyva.
    38 | D        | Found a hazy altar of Hepliaklqana.
    38 | D        | Found an opulent altar of Gozag.
    38 | D        | Found a blossoming altar of Fedhas.
    38 | D        | Found a white marble altar of Elyvilon.
    38 | D        | Found a shadowy altar of Dithmenos.
    38 | D        | Found a snail-covered altar of Cheibriados.
    39 | D        | Found a radiant altar of Vehumet.
    39 | D        | Found a corrupted altar of Lugonu.
    40 | D        | Found a hide-covered altar of Uskayaw.
    40 | D        | Found an ancient bone altar of Kikubaaqudgha.
    40 | D        | Found a broken altar of Ashenzari.
    42 | D        | Became a worshipper of Sif Muna the Loreminder
    51 | D        | Reached skill level 1 in Fighting
   227 | D        | Reached * piety under Sif Muna
   228 | D        | Reached skill level 4 in Earth Magic
   232 | D        | Reached XP level 2. HP: 17/17 MP: 4/9
   470 | D        | Reached skill level 5 in Spellcasting
   470 | D        | Reached skill level 5 in Earth Magic
   501 | D        | Reached ** piety under Sif Muna
   510 | D        | Reached XP level 3. HP: 21/21 MP: 9/11
   511 | D        | Reached skill level 6 in Earth Magic
   690 | D        | Learned a level 3 spell: Stone Arrow
   706 | D        | Noticed a black bear
   710 | D        | Killed a black bear
   710 | D        | Reached *** piety under Sif Muna
   711 | D        | Reached skill level 8 in Earth Magic
   711 | D        | Reached XP level 4. HP: 26/26 MP: 10/15
   711 | D        | Noticed a fire bat
   919 | D        | Noticed a brain worm
  1018 | D        | Killed a fire bat
  1019 | D        | Reached skill level 10 in Earth Magic
  1019 | D        | Reached XP level 5. HP: 30/30 MP: 14/16
  1019 | D        | Reached XP level 6. HP: 35/35 MP: 15/18
  1332 | D        | Learned a level 4 spell: Petrify
  1337 | D        | Learned a level 4 spell: Brom's Barrelling Boulder
  1818 | D        | Reached **** piety under Sif Muna
  2028 | D        | Noticed a snapping turtle
  2083 | D        | Mangled by a snapping turtle

Illustrated notes

Levels and vault maps discovered:
D:        pitsprint [storerooms_1, entrance_room_1, metal_vault_1, armoury_3,
          mini_pit_1, grid_room_1, main_hall_1, silver_pit, the_coven_3,
          the_vestibule_1, steel_vault_2, golden_pit, hallway_of_sentries,
          crystal_vault_1, iron_vault_4, final_vault]

Skill      XL: |  1  2  3  4  5  6 |
---------------+-------------------+-----
Fighting       | 2 |  2.0
Spellcasting   | 4 5 7 |  7.0
Earth Magic    | 4 5 8 10 | 10.0
Conjurations   | 3 7 8 |  8.3
Short Blades   | 2 |  2.1
Stealth        | 4 |  4.0
Alchemy        | 2 |  2.7
Dodging        | |  2.4

Action                     |  1- 3 |  4- 6 || total
---------------------------+-------+-------++-------
   Cast: Sandblast         |    15 |     4 ||    19
         Stone Arrow       |       |    11 ||    11
 Armour: Robe              |       |     4 ||     4
  Dodge: Dodged            |     2 |     3 ||     5

Table legend: (Time is in decaauts)
 A = Elapsed time spent in this place.
 B = Non-inter-level travel time spent in this place.
 C = Inter-level travel time spent in this place.
 D = Time resting spent in this place.
 E = Time spent auto-exploring this place.
 F = Levels seen in this place.
 G = Mean time per level.
                   A        B        C        D        E       F      G
               +--------+--------+--------+--------+--------+-----+--------+
         Total |   2090 |   2090 |      0 |   1813 |      0 |   1 | 2090.0 |
       Dungeon |   2090 |   2090 |      0 |   1813 |      0 |   1 | 2090.0 |
               +--------+--------+--------+--------+--------+-----+--------+

Top non-repeatable levels by time:
       D: 2090 daAuts
